Workbook

Sheet Feuil1
B2: Marge en % | C2: Marge | D2: Revenu | E2: Coût actuel | F2: Étiquettes de lignes | G2: Client | H2: Technicien | I2: Sous tache | J2: Vente | K2: Date de fin de travaux
B3: =1-(E3/D3) -> 0.13461538 | C3: =D3-E3 -> 7 | D3: =J3 -> 52 | E3: =SUMPRODUCT((Tableau1!$A$2:$A$16=Feuil1!F3)*(Tableau1!$F$2:$F$16=Feuil1!I3)*(Tableau1!$D$2:$D$16)) -> 45 | F3: SAB001 | G3: Dupont | H3: Paul | I3: 1 | J3: 52 | K3: 41640
C4: =D4-E4 -> -13 | D4: =J4 -> 112 | E4: =SUMPRODUCT((Tableau1!$A$2:$A$16=Feuil1!F4)*(Tableau1!$F$2:$F$16=Feuil1!I4)*(Tableau1!$D$2:$D$16)) -> 125 | F4: SAB002 | G4: Durand | H4: Jean | I4: 1 | J4: 112 | K4: 41611
C5: =D5-E5 -> 90 | D5: =J5 -> 300 | E5: =SUMPRODUCT((Tableau1!$A$2:$A$16=Feuil1!F5)*(Tableau1!$F$2:$F$16=Feuil1!I5)*(Tableau1!$D$2:$D$16)) -> 210 | F5: SAB002 | G5: Durand | H5: Pierre | I5: 2 | J5: 300 | K5: 41685
C6: =D6-E6 -> 37 | D6: =J6 -> 112 | E6: =SUMPRODUCT((Tableau1!$A$2:$A$16=Feuil1!F6)*(Tableau1!$F$2:$F$16=Feuil1!I6)*(Tableau1!$D$2:$D$16)) -> 75 | F6: SAB002 | G6: Durand | H6: Pierre | I6: 3 | J6: 112 | K6: 41639
C7: =D7-E7 -> 50 | D7: =J7 -> 210 | E7: =SUMPRODUCT((Tableau1!$A$2:$A$16=Feuil1!F7)*(Tableau1!$F$2:$F$16=Feuil1!I7)*(Tableau1!$D$2:$D$16)) -> 160 | F7: SAB002 | G7: Durand | H7: Pierre | I7: Bordeaux | J7: 210 | K7: 41670
C8: =D8-E8 -> 12 | D8: =J8 -> 60 | E8: =SUMPRODUCT((Tableau1!$A$2:$A$16=Feuil1!F8)*(Tableau1!$F$2:$F$16=Feuil1!I8)*(Tableau1!$D$2:$D$16)) -> 48 | F8: SAB003 | G8: Duval | H8: Jean | I8: 1 | J8: 60 | K8: 41618
C9: =D9-E9 -> 2 | D9: =J9 -> 52 | E9: =SUMPRODUCT((Tableau1!$A$2:$A$16=Feuil1!F9)*(Tableau1!$F$2:$F$16=Feuil1!I9)*(Tableau1!$D$2:$D$16)) -> 50 | F9: SAB003 | G9: Duval | H9: Jean | I9: 2 | J9: 52 | K9: 41729
C10: =D10-E10 -> -12 | D10: =J10 -> 118 | E10: =SUMPRODUCT((Tableau1!$A$2:$A$16=Feuil1!F10)*(Tableau1!$F$2:$F$16=Feuil1!I10)*(Tableau1!$D$2:$D$16)) -> 130 | F10: SAB003 | G10: Duval | H10: Jean | I10: 3 | J10: 118 | K10: 41729
C11: =D11-E11 -> 40 | D11: =J11 -> 99 | E11: =SUMPRODUCT((Tableau1!$A$2:$A$16=Feuil1!F11)*(Tableau1!$F$2:$F$16=Feuil1!I11)*(Tableau1!$D$2:$D$16)) -> 59 | F11: SAB004 | G11: Dupuis | H11: Luc | I11: 1 | J11: 99 | K11: 41820
C12: =D12-E12 -> 17 | D12: =J12 -> 62 | E12: =SUMPRODUCT((Tableau1!$A$2:$A$16=Feuil1!F12)*(Tableau1!$F$2:$F$16=Feuil1!I12)*(Tableau1!$D$2:$D$16)) -> 45 | F12: SAB004 | G12: Dupuis | H12: Luc | I12: 500 | J12: 62 | K12: 41729
C13: =D13-E13 -> -14 | D13: =J13 -> 118 | E13: =SUMPRODUCT((Tableau1!$A$2:$A$16=Feuil1!F13)*(Tableau1!$F$2:$F$16=Feuil1!I13)*(Tableau1!$D$2:$D$16)) -> 132 | F13: SAB004 | G13: Dupuis | H13: Luc | I13: ABB ETS / UPG PC14 | J13: 118 | K13: 41611
C14: =D14-E14 -> 75 | D14: =J14 -> 75 | E14: =SUMPRODUCT((Tableau1!$A$2:$A$16=Feuil1!F14)*(Tableau1!$F$2:$F$16=Feuil1!I14)*(Tableau1!$D$2:$D$16)) -> 0 | F14: SAB004 | G14: Dupuis | H14: Paul | I14: 001 | J14: 75 | K14: 42004
C15: =D15-E15 -> 15 | D15: =J15 -> 60 | E15: =SUMPRODUCT((Tableau1!$A$2:$A$16=Feuil1!F15)*(Tableau1!$F$2:$F$16=Feuil1!I15)*(Tableau1!$D$2:$D$16)) -> 45 | F15: SAB004 | G15: Dupuis | H15: Paul | I15: 1-5000000741 | J15: 60 | K15: 41698
... C17: =D17-E17 -> 30.52 | D17: =J17 -> 118.52 | E17: =SUMPRODUCT((Tableau1!$A$2:$A$16=Feuil1!F17)*(Tableau1!$F$2:$F$16=Feuil1!I17)*(Tableau1!$D$2:$D$16)) -> 88 | F17: SAB006 | G17: Dupont | H17: Paul | I17: Paris | J17: 118.52 | K17: 41729
F18: Total général

Sheet Tableau1
A1: Code | B1: Client | C1: Vente | D1: Cout | E1: Technicien | F1: Sous tache | G1: Date de fin de travaux
A2: SAB001 | B2: Dupont | C2: 52 | D2: 45 | E2: Paul | F2: 1 | G2: 41640
A3: SAB002 | B3: Durand | C3: 300 | D3: 210 | E3: Pierre | F3: 2 | G3: 41685
A4: SAB002 | B4: Durand | C4: 112 | D4: 125 | E4: Jean | F4: 1 | G4: 41611
A5: SAB002 | B5: Durand | C5: 112 | D5: 75 | E5: Pierre | F5: 3 | G5: 41639
A6: SAB002 | B6: Durand | C6: 210 | D6: 160 | E6: Pierre | F6: Bordeaux | G6: 41670
A7: SAB003 | B7: Duval | C7: 60 | D7: 48 | E7: Jean | F7: 1 | G7: 41618
A8: SAB003 | B8: Duval | C8: 52 | D8: 50 | E8: Jean | F8: 2 | G8: 41729
A9: SAB003 | B9: Duval | C9: 118 | D9: 130 | E9: Jean | F9: 3 | G9: 41729
A10: SAB004 | B10: Dupuis | C10: 99 | D10: 59 | E10: Luc | F10: 1 | G10: 41820
A11: SAB004 | B11: Dupuis | C11: 75 | D11: 0 | E11: Paul | F11: 001 | G11: 42004
A12: SAB004 | B12: Dupuis | C12: 62 | D12: 45 | E12: Luc | F12: 500 | G12: 41729
A13: SAB004 | B13: Dupuis | C13: 60 | D13: 45 | E13: Paul | F13: 1-5000000741 | G13: 41698
... A16: SAB006 | B16: Dupont | C16: 118.52 | D16: 88 | E16: Paul | F16: Paris | G16: 41729

Sheet Tableau2
A1: Code | B1: Region | C1: Client | D1: Vente | E1: Technicien | F1: Sous tache | G1: Date de fin de travaux
A2: SAB001 | B2: Ile de France | C2: Dupont | D2: 52 | E2: Paul | F2: 1 | G2: 41640
A3: SAB002 | B3: Aquitaine | C3: Durand | D3: 300 | E3: Pierre | F3: 2 | G3: 41685
A4: SAB002 | B4: Aquitaine | C4: Durand | D4: 112 | E4: Jean | F4: 1 | G4: 41611
A5: SAB002 | B5: Aquitaine | C5: Durand | D5: 112 | E5: Pierre | F5: 3 | G5: 41639
A6: SAB002 | B6: Aquitaine | C6: Durand | D6: 210 | E6: Pierre | F6: Bordeaux | G6: 41670
A7: SAB003 | B7: Corse | C7: Duval | D7: 60 | E7: Jean | F7: 1 | G7: 41618
A8: SAB003 | B8: Corse | C8: Duval | D8: 52 | E8: Jean | F8: 2 | G8: 41729
A9: SAB003 | B9: Corse | C9: Duval | D9: 118 | E9: Jean | F9: 3 | G9: 41729
A10: SAB004 | B10: Bretagne | C10: Dupuis | D10: 99 | E10: Luc | F10: 1 | G10: 41820
A11: SAB004 | B11: Bretagne | C11: Dupuis | D11: 75 | E11: Paul | F11: 001 | G11: 42004
A12: SAB004 | B12: Bretagne | C12: Dupuis | D12: 62 | E12: Luc | F12: 500 | G12: 41729
A13: SAB004 | B13: Bretagne | C13: Dupuis | D13: 60 | E13: Paul | F13: 1-5000000741 | G13: 41698
... A16: SAB006 | B16: Ile de France | C16: Dupont | D16: 118.52 | E16: Paul | F16: Paris | G16: 41729
